 Dungeon Crawl Stone Soup version 0.30-a0-643-g638baaf3f0 (webtiles) character file.

Game seed: 1876333071683916951

67156 Citaku the Tortoise (level 14, -3/141 HPs)
             Began as a Minotaur Fighter on Jan 16, 2023.
             Was an Initiate of Gozag.
             Slain by a 12-headed hydra (12 damage)
             ... on level 3 of the Lair of Beasts.
             The game lasted 00:40:07 (23052 turns).

Citaku the Tortoise (Minotaur Fighter)             Turns: 23052, Time: 00:40:08

Health: -3/141     AC: 34    Str: 30    XL:     14   Next: 81%
Magic:  13/13      EV:  6    Int:  5    God:    Gozag
Gold:   1732       SH: 21    Dex: 14    Spells: 13/13 levels left

rFire   + + +      SeeInvis .    a - +2 war axe (heavy)
rCold   + + +      Faith    .    w - +3 kite shield
rNeg    + + .      Spirit   .    h - +2 crystal plate armour
rPois   +          Reflect  +    (helmet restricted)
rElec   +          Harm     .    m - scarf {rC+ rF+}
rCorr   .          Rampage  .    d - +1 pair of gloves {Dex+3}
Will    +....                    p - +2 pair of boots {Stlth+} Stlth
                                 b - amulet "Ruacexut" {Reflect rPois rF+ Str+5 SH+5}
HPRegen 0.43/turn                F - ring of the Devil {+Blink rElec rF+ rN+}
MPRegen 0.13/turn                c - ring "Comuqer" {rElec rPois rC++ rN+}

@: hasted, slow
A: horns 2, retaliatory headbutt, robust 1, inability to drink after injury 1
a: Renounce Religion, Evoke Blink, Potion Petition, Call Merchant, Bribe Branch


You were on level 3 of the Lair of Beasts.
You worshipped Gozag.
Gozag was most pleased with you.
You visited 4 branches of the dungeon, and saw 21 of its levels.
You also visited: Ossuary and Volcano.

You collected 6503 gold pieces.
You spent 3881 gold pieces at shops.
You paid 890 gold pieces to Gozag.

Inventory:

Hand Weapons
 a - a +2 heavy war axe (weapon)
 f - a +0 spectral broad axe
Armour
 d - a +1 pair of gloves of dexterity (worn)
 h - a +2 crystal plate armour (worn)
 m - a scarf of resistance (worn)
 p - a +2 pair of boots of stealth (worn)
 w - a +3 kite shield (worn)
Jewellery
 b - the amulet "Ruacexut" (around neck) {Reflect rPois rF+ Str+5 SH+5}
   (You acquired it on level 9 of the Dungeon)

   [amulet of reflection]

   It reflects blocked missile attacks.
   Str:       It affects your strength (+5).
   rF:        It protects you from fire.
   rPois:     It protects you from poison.
   SH:        It affects your SH (+5).
 c - the ring "Comuqer" (right hand) {rElec rPois rC++ rN+}
   (You bought it in a shop on level 1 of the Orcish Mines)

   [ring of poison resistance]

   rC:        It greatly protects you from cold.
   rElec:     It insulates you from electricity.
   rPois:     It protects you from poison.
   rN:        It protects you from negative energy.
 v - a ring of wizardry
 F - the ring of the Devil (left hand) {+Blink rElec rF+ rN+}
   (You bought it in a shop on level 15 of the Dungeon)

   [ring of positive energy]

   rF:        It protects you from fire.
   rElec:     It insulates you from electricity.
   rN:        It protects you from negative energy.
   +Blink:    It lets you blink.
Wands
 i - a wand of digging (4)
 n - a wand of roots (13)
 o - a wand of flame (32)
 s - a wand of acid (2)
 C - a wand of mindburst (11)
 E - a wand of charming (5)
Scrolls
 e - 3 scrolls of noise
 j - 4 scrolls of identify
 r - 2 scrolls of poison
 u - a scroll of fear
 y - 5 scrolls of teleportation
 z - 2 scrolls of magic mapping
 A - 2 scrolls of blinking
 D - 2 scrolls of amnesia
Potions
 k - 6 potions of attraction
 l - 4 potions of flight
 q - a potion of cancellation
 t - a potion of heal wounds
 x - 3 potions of brilliance
 G - 2 potions of curing
 H - a potion of resistance
 K - a potion of invisibility {unknown}
 L - a potion of magic {unknown}
Miscellaneous
 g - a tin of tremorstones (2/2)
 B - a condenser vane
 I - a condenser vane


   Skills:
 + Level 13.5 Fighting
 * Level 18.2 Axes
 * Level 18.5 Armour
 + Level 13.4 Shields


You had 13 spell levels left.
You didn't know any spells.
Your spell library contained the following spells:

 Spells                   Type           Power      Damage    Failure   Level
 Freeze                   Ice            0%         1d3       100%        1
 Sandblast                Erth           0%         2d4       100%        1
 Passwall                 Tmut/Erth      0%         N/A       100%        2
 Frozen Ramparts          Ice            0%         1d1       100%        3
 Hailstorm                Conj/Ice       0%         3d3       100%        3
 Kindle Blastsparks       Fire/Tloc/Air  0%         2d10      100%        3
 Stone Arrow              Conj/Erth      0%         3d7       100%        3
 Animate Armour           Summ/Erth      0%         N/A       100%        4
 Fulminant Prism          Conj/Hex       0%         3d5       100%        4
 Iskenderun's Mystic Bla  Conj/Tloc      0%         2d3       100%        4
 Lee's Rapid Deconstruct  Erth           0%         3d4*      100%        5
 Lehudib's Crystal Spear  Conj/Erth      0%         10d2      100%        8


Dungeon Overview and Level Annotations

Branches:
Dungeon (15/15)            Temple (1/1) D:7            Lair (3/5) D:10
  Swamp (0/4) Lair:3        Snake (0/4) Lair:2          Orc (2/2) D:10
    Elf (0/3) Orc:2        Vaults (0/5) D:13         Depths (0/4) D:15
Ossuary (visited)         Volcano (visited)

Altars:
Ashenzari
Cheibriados
Dithmenos
Elyvilon
Fedhas
Gozag
Hepliaklqana
Kikubaaqudgha
Makhleb
Nemelex Xobeh
Okawaru
Qazlal
Ru
Sif Muna
Trog
Uskayaw
Vehumet
Wu Jian
Xom
Yredelemnul
Zin
The Shining One

Shops:
D:9 [   D:15 =   Orc:1 =   Orc:2 :[[:

Portals:
Trove: D:15 (give +4 fire dragon scales)

Annotations:
D:12 exclusions: ice statue and obsidian statue


Innate Abilities, Weirdness & Mutations

You have a pair of horns on your head.
You reflexively headbutt those who attack you in melee.
You are robust. (+10% HP)
You occasionally lose the ability to drink potions when taking damage.


Message History

The ten-headed hydra barely misses you.
You block the ten-headed hydra's attack.
The ten-headed hydra bites you but does no damage.
The ten-headed hydra closely misses you.
The ten-headed hydra bites you but does no damage.
You slice one of the ten-headed hydra's heads off!
The nine-headed hydra grows two more!
You slash the 11-headed hydra!
The 11-headed hydra is severely wounded.
You block the 11-headed hydra's attack. x2; The 11-headed hydra bites you!
The 11-headed hydra bites you but does no damage.
You block the 11-headed hydra's attack. The 11-headed hydra bites you.
The 11-headed hydra closely misses you.
The 11-headed hydra bites you but does no damage.
You block the 11-headed hydra's attack.
The 11-headed hydra bites you but does no damage. x2
You chop one of the 11-headed hydra's heads off!
The ten-headed hydra grows two more!
You slash the 12-headed hydra!
The 12-headed hydra is severely wounded.
Your unstable footing causes you to fumble your attack.
You block the 12-headed hydra's attack. x2
The 12-headed hydra bites you but does no damage.
The 12-headed hydra bites you.
* * * LOW HITPOINT WARNING * * *
The 12-headed hydra bites you but does no damage. x2
You block the 12-headed hydra's attack.
The 12-headed hydra bites you but does no damage.
The 12-headed hydra bites you!
* * * LOW HITPOINT WARNING * * *
The 12-headed hydra bites you.
* * * LOW HITPOINT WARNING * * *
The 12-headed hydra bites you!
* * * LOW HITPOINT WARNING * * *
The 12-headed hydra bites you!
* * * LOW HITPOINT WARNING * * *
Your unstable footing causes you to fumble your attack.
You block the 12-headed hydra's attack. x3
The 12-headed hydra bites you but does no damage. x2
You block the 12-headed hydra's attack. The 12-headed hydra bites you!
You die...
Your body crumbles into a pile of gold.

.....,,,,,,*,,,~~~~,,*
.....,,,*,***,,,***.,*
#P##.*******~~~***§,**
###**** ***>~~♣♣♣♣§,* #
*,***,***♣♣..§,,****** #
**,**,,,,♣♣...♣♣♣♣,,,,*
#***,,,,,,,*♣...≈~≈≈♣♣*,,*
#*,,,,.,*,,,♣♣~$D~≈≈≈♣*,***
#**,,.#**,,♣♣≈~$@≈~≈≈♣*$,,*
####.P##***♣...~~~~≈≈♣*,,**
...........♣♣..♣♣♣♣♣♣♣,,**
..##...............♣♣,,,#
...#..............#.♣##.#
.....P##................#
....(......(####...#.####
.#....#...#..# ##.#.##
..#####......# #...##


You could see a 12-headed hydra.

Vanquished Creatures
  Rupert (D:13)
  3 orc warlords
  A dire elephant (D:15)
  An ettin (Orc:1)
  2 hydras
  An ogre mage (D:15)
  6 two-headed ogres
  A catoblepas (D:14)
  4 centaur warriors
  The ghost of Citaku the Protected, a novice MiFi (D:8)
  A tengu warrior (D:15)
  3 boulder beetles
  An orc high priest (Orc:1)
  Urug (D:13)
  9 orc knights
  A deep elf pyromancer (D:13)
  3 orc sorcerers
  4 ugly things
  6 cyclopes
  A manticore (D:11)
  An elephant (shapeshifter) (D:13)
  A salamander (D:15)
  5 elephants (Lair:2)
  Joseph (D:7)
  3 molten gargoyles (Volcano)
  A black mamba (Lair:2)
  An ice statue (D:13)
  A torpor snail (Lair:1)
  A kobold demonologist (D:9)
  2 komodo dragons
  9 cane toads
  A rime drake (Lair:3)
  2 freezing wraiths (D:15)
  A rime drake (shapeshifter) (D:11)
  3 efreet
  6 ice devils (D:13)
  A meliai (shapeshifter) (D:15)
  A wolf spider simulacrum (D:15)
  8 trolls
  A hornet (D:10)
  5 blink frogs (Lair:1)
  6 slime creatures
  2 centaur simulacra
  A shadow (D:11)
  A vampire (D:13)
  2 wyverns
  16 humans (D:13)
  A wraith (D:10)
  20 yaks
  6 fire elementals (Volcano)
  A hog (shapeshifter) (D:15)
  4 basilisks
  3 steam dragons
  5 vampire mosquitoes (D:12)
  3 nagas (Lair:2)
  13 wargs
  3 acid dragons
  2 swamp worms (Lair:3)
  10 water moccasins
  45 orc warriors
  A sky beast (D:7)
  A black bear (D:10)
  16 wolves
  14 ogres
  16 centaurs
  A phantom (D:4)
  9 bullfrogs
  4 kobold brigands
  A gnoll sergeant (D:8)
  3 earth elementals (Volcano)
  2 necrophages
  A two-headed ogre simulacrum (Orc:1)
  6 scorpions
  A water moccasin zombie (Ossuary)
  4 wights (D:6)
  5 killer bees (D:9)
  2 howler monkeys
  9 hounds
  2 jellies
  14 orc priests
  A gnoll bouda (D:8)
  4 iguanas
  7 hell rats (Lair:3)
  19 orc wizards
  A troll simulacrum (Orc:1)
  A wolf simulacrum (Orc:1)
  4 spriggan simulacra (Orc:1)
  3 mummies
  8 gnolls
  9 adders
  A naga simulacrum (Orc:1)
  A shadow imp (D:7)
  8 ufetubi
  3 adder zombies (Ossuary)
  A dart slug (D:2)
  90 orcs
  6 ball pythons
  6 endoplasms
  6 giant cockroaches
  8 goblins
  13 hobgoblins
  13 jackals
  22 kobolds
  5 quokkas
  6 bats
  6 frilled lizards
  6 gnoll zombies (Ossuary)
  6 hobgoblin zombies (Ossuary)
  6 kobold zombies
  4 orc zombies
  8 rats
644 creatures vanquished.

Vanquished Creatures (others)
  A deep elf pyromancer (D:13)
  An orc priest (Orc:1)
  A kobold (D:1)
  9 fungi
  34 plants
46 creatures vanquished.

Grand Total: 690 creatures vanquished

Notes
Turn   | Place    | Note
-------+----------+-------------------------------------------
     0 | D:1      | Citaku the Minotaur Fighter began the quest for the Orb.
     0 | D:1      | Reached XP level 1. HP: 19/19 MP: 0/0
   273 | D:1      | Reached XP level 2. HP: 27/27 MP: 1/1
   760 | D:1      | You fall into a shaft and drop 1 floor!
   794 | D:2      | Reached XP level 3. HP: 33/33 MP: 2/2
   846 | D:2      | Identified the +0 sling "Gadug" {drain, rC- Dex+8}
  1426 | D:2      | Reached XP level 4. HP: 30/40 MP: 3/3
  2151 | D:3      | Found a faded altar of an unknown god.
  2168 | D:3      | Reached skill level 5 in Armour
  2168 | D:3      | Reached XP level 5. HP: 47/47 MP: 4/4
  2668 | D:4      | Noticed an ogre
  2673 | D:4      | Killed an ogre
  2735 | D:4      | Reached XP level 6. HP: 53/53 MP: 5/5
  2819 | D:4      | Reached skill level 5 in Axes
  2922 | D:4      | Reached skill level 5 in Fighting
  3078 | D:4      | Reached skill level 5 in Shields
  3078 | D:4      | Reached XP level 7. HP: 60/61 MP: 6/6
  3349 | D:5      | Entered Level 5 of the Dungeon
  3863 | D:5      | Reached XP level 8. HP: 66/70 MP: 7/7
  4533 | D:6      | Found a sand-covered staircase.
  4538 | Ossuary  | Entered an ossuary
  5070 | D:6      | Found a blossoming altar of Fedhas.
  5193 | D:6      | Reached XP level 9. HP: 69/78 MP: 8/8
  5747 | D:7      | Found a staircase to the Ecumenical Temple.
  5747 | D:7      | Noticed Joseph
  5756 | D:7      | Killed Joseph
  5842 | Temple   | Entered the Ecumenical Temple
  5941 | Temple   | Became a worshipper of Gozag Ym Sagoz the Greedy
  6120 | D:7      | Reached skill level 10 in Armour
  6428 | D:8      | Found a runed translucent door.
  6428 | D:8      | Noticed Citaku's ghost (novice MiFi)
  6429 | D:8      | Noticed a green ugly thing
  6435 | D:8      | Identified the +2 chain mail of the Postmodern Shrikes
                  | {+Inv Dex+5}
  6556 | D:8      | Reached skill level 10 in Axes
  6801 | D:8      | Killed a green ugly thing
  6816 | D:8      | Killed Citaku's ghost
  6817 | D:8      | Reached XP level 10. HP: 65/88 MP: 9/9
  7487 | D:9      | Found Tokkol's Armour Shoppe.
  7561 | D:9      | Found a broken altar of Ashenzari.
  7596 | D:9      | Found a basalt altar of Yredelemnul.
  7599 | D:9      | Found a glowing golden altar of the Shining One.
  7602 | D:9      | Found an ancient bone altar of Kikubaaqudgha.
  7776 | D:9      | Identified a scroll of acquirement
  7776 | D:9      | Acquired the amulet "Ruacexut" {Reflect rPois rF+ Str+5
                  | SH+5}
  7812 | D:10     | Entered Level 10 of the Dungeon
  7905 | D:10     | Found a staircase to the Orcish Mines.
  8378 | D:10     | Reached XP level 11. HP: 65/97 MP: 10/10
  8569 | D:10     | Found a staircase to the Lair.
  9167 | D:11     | Noticed a two-headed ogre
  9187 | D:11     | Killed a two-headed ogre
  9219 | D:11     | Noticed a two-headed ogre
  9231 | D:11     | Killed a two-headed ogre
  9319 | D:11     | Identified the +2 buckler of Impermeability {Str+2 Slay-2
                  | Stlth+}
  9714 | D:11     | Identified the +4 falchion of Tenacity {venom, Dex+2}
  9881 | D:12     | Noticed a boulder beetle
 10197 | D:12     | Killed a boulder beetle
 10698 | D:12     | Reached skill level 10 in Fighting
 11086 | D:12     | Noticed an obsidian statue
 11182 | D:12     | Reached skill level 10 in Shields
 11831 | Orc:1    | Entered Level 1 of the Orcish Mines
 11833 | Orc:1    | Found Cadeerae's Jewellery Emporium.
 11834 | Orc:1    | Noticed an orc knight
 11841 | Orc:1    | Noticed an orc knight
 11938 | Orc:1    | Noticed an ettin
 12053 | Orc:1    | Killed an ettin
 12311 | D:10     | Killed an orc knight
 12312 | D:10     | Reached XP level 12. HP: 22/107 MP: 11/11
 12805 | Orc:1    | Bought the ring "Comuqer" {rElec rPois rC++ rN+} for 668
                  | gold pieces
 12969 | Orc:2    | Entered Level 2 of the Orcish Mines
 12969 | Orc:2    | Found a staircase to the Elven Halls.
 12974 | Orc:2    | Noticed an orc warlord
 13657 | Orc:1    | Killed an orc warlord
 14746 | Orc:2    | Reached skill level 15 in Armour
 15001 | Orc:2    | Found Jolet's Book Shoppe.
 15006 | Orc:2    | Found Neuvoare's Antique Armour Emporium.
 15006 | Orc:2    | Found Fiacir's Armour Shop.
 15008 | Orc:2    | Found Jaecwais's Book Boutique.
 15260 | Orc:2    | Bought an embroidered scarf for 184 gold pieces
 15260 | Orc:2    | Bought a glowing crystal plate armour for 1909 gold pieces
 15357 | Orc:2    | Reached skill level 15 in Axes
 15360 | Orc:1    | Noticed an orc high priest
 15448 | Orc:1    | Noticed an orc warlord
 15782 | Orc:2    | Killed an orc warlord
 16017 | Orc:2    | Reached XP level 13. HP: 67/116 MP: 12/12
 16731 | Orc:1    | Noticed an orc warlord
 16749 | Orc:1    | Killed an orc warlord
 16931 | Orc:1    | Identified the +8 scimitar of Melee {protect, *Noise Will+
                  | Str+3}
 17235 | Orc:2    | Bought a scarf of resistance for 448 gold pieces
 17834 | D:13     | Noticed Rupert
 17838 | D:13     | Noticed Urug
 17847 | D:13     | Killed Rupert
 17863 | D:13     | Found a gate to the Vaults.
 17867 | D:13     | Killed Urug
 18693 | D:13     | Gained mutation: You expend magic power (3 MP) to
                  | strengthen your wands. [potion of mutation]
 18693 | D:13     | Gained mutation: You are clumsy. (Dex -2) [potion of
                  | mutation]
 18693 | D:13     | Gained mutation: Your system is resistant to poisons.
                  | (rPois) [potion of mutation]
 18693 | D:13     | Gained mutation: You have hidden genetic potential. [potion
                  | of mutation]
 18694 | D:13     | Lost mutation: Your system is resistant to poisons. (rPois)
                  | [potion of mutation]
 18694 | D:13     | Lost mutation: You have hidden genetic potential. [potion
                  | of mutation]
 18694 | D:13     | Lost mutation: You expend magic power (3 MP) to strengthen
                  | your wands. [potion of mutation]
 18694 | D:13     | Gained mutation: Potions are less effective at restoring
                  | your health. [potion of mutation]
 18694 | D:13     | Lost mutation: Potions are less effective at restoring your
                  | health. [potion of mutation]
 18695 | D:13     | Lost mutation: You are clumsy. (Dex -2) [potion of
                  | mutation]
 18695 | D:13     | Gained mutation: You are robust. (+10% HP) [potion of
                  | mutation]
 18695 | D:13     | Gained mutation: You have sharp toenails. [potion of
                  | mutation]
 18695 | D:13     | Gained mutation: Armour fits poorly on your strangely
                  | shaped body. [potion of mutation]
 18696 | D:13     | Lost mutation: You have sharp toenails. [potion of
                  | mutation]
 18696 | D:13     | Lost mutation: Armour fits poorly on your strangely shaped
                  | body. [potion of mutation]
 18696 | D:13     | Lost mutation: You are robust. (+10% HP) [potion of
                  | mutation]
 18696 | D:13     | Gained mutation: You are robust. (+10% HP) [potion of
                  | mutation]
 18696 | D:13     | Gained mutation: You occasionally lose the ability to drink
                  | potions when taking damage. [potion of mutation]
 19097 | D:14     | Found a shimmering altar of Xom.
 19175 | D:14     | Found a shimmering altar of Xom.
 19175 | D:14     | Found a shimmering altar of Xom.
 19177 | D:14     | Found a shimmering altar of Xom.
 19179 | D:14     | Found a shimmering altar of Xom.
 19422 | D:15     | Entered Level 15 of the Dungeon
 19567 | D:15     | Reached XP level 14. HP: 126/139 MP: 13/13
 19677 | D:15     | Found a portal to a secret trove of treasure.
 20116 | D:15     | Found a staircase to the Depths.
 20282 | D:15     | Bought the ring of the Devil {+Blink rElec rF+ rN+} for 672
                  | gold pieces
 20502 | Lair:1   | Entered Level 1 of the Lair of Beasts
 21662 | Lair:2   | Found a stormy altar of Qazlal.
 22005 | Lair:2   | Found a staircase to the Snake Pit.
 22405 | Lair:3   | Found a dark tunnel.
 22416 | Volcano  | Entered a volcano
 23052 | Lair:3   | Slain by a 12-headed hydra

Illustrated notes

Levels and vault maps discovered:
D:1:      dpeg_arrival_rooms_c, layout_basic, lexackson_kobold_supper
D:2:      minmay_skewed_foursquare, layout_basic, st_stairs_2,
          minmay_pentomino_o2
D:3:      layout_basic, dreamdust_ecumenical_altar_statues
D:4:      layout_cave_pools
D:5:      layout_rooms, minmay_bent
D:6:      layout_basic, mainiacjoe_overflow_paths, nicolae_ossuary_entry_giza
D:7:      layout_gridville, minmay_temple_entry_fiery, uniq_joseph
D:8:      layout_rooms, ebering_ghost_inner_flame
D:9:      layout_basic, grunt_temple_overflow_cloverleaf, serial_shops,
          nicolae_shop_trees, kennysheep_cross_room
D:10:     layout_long_grid, minmay_lair_entry_grove, david_orc_3
D:11:     layout_irregular_city, small_statue_alley_a
D:12:     layout_roguey, gauntlet_entry_generic, minmay_more_statues
D:13:     cheibrodos_frozen_isle, layout_gridville, david_vaults_3
D:14:     layout_loops_cross, xom_redecorated
D:15:     hangedman_depths_entry_try_elsewhere_first, layout_loops_ring,
          enter_trove_0
Temple:   minmay_crystal_spiral_temple
Lair:1:   layout_loops_ring
Lair:2:   layout_hall_layers, nicolae_snake_entry_squirm, basic_altar
Lair:3:   layout_loops_ring, palyth_hydra_swamp_entry, enter_volcano_1
Orc:1:    layout_caves, portal_ice_cave_entry_ice_simulacra, serial_shops, shop,
          minmay_orc_treasury
Orc:2:    st_orc_rangers, layout_diamond_mine, special_room, mines5_lemuel

Skill      XL: |  1  2  3  4  5  6  7  8  9 10 11 12 13 14 |
---------------+-------------------------------------------+-----
Armour         | 4 5 6 7 9 11 12 14 15 17 18 | 18.5
Axes           | 3 4 5 6 8 10 11 13 15 16 18 | 18.2
Fighting       | 4 5 6 8 9 10 11 12 13 | 13.5
Shields        | 4 5 6 8 9 10 11 12 13 | 13.4

Action                   |  1- 3 |  4- 6 |  7- 9 | 10-12 | 13-15 || total
-------------------------+-------+-------+-------+-------+-------++-------
Melee: War axe           |   115 |   114 |   234 |   156 |   447 ||  1066
       Headbutt          |     5 |    19 |    76 |   207 |    88 ||   395
       Hand axe          |       |       |   111 |   678 |       ||   789
Invok: Call Merchant     |       |       |       |       |     1 ||     1
  Use: Potion            |       |       |     2 |    15 |     6 ||    23
       Scroll            |       |       |       |    29 |     5 ||    34
 Stab: Distracted        |       |       |       |     2 |     8 ||    10
Armor: Scale mail        |    56 |    60 |   120 |       |       ||   236
       Plate armour      |       |       |    62 |   376 |       ||   438
       Crystal plate arm |       |       |       |    88 |   302 ||   390
Dodge: Dodged            |    47 |    55 |   118 |   230 |    84 ||   534
Block: Buckler           |    28 |    29 |    83 |   357 |       ||   497
       Reflection        |       |       |       |    75 |    27 ||   102
       Kite shield       |       |       |       |   287 |   469 ||   756

Table legend: (Time is in decaauts)
 A = Elapsed time spent in this place.
 B = Non-inter-level travel time spent in this place.
 C = Inter-level travel time spent in this place.
 D = Time resting spent in this place.
 E = Time spent auto-exploring this place.
 F = Levels seen in this place.
 G = Mean time per level.
                   A        B        C        D        E       F      G
               +--------+--------+--------+--------+--------+-----+--------+
         Total |  23006 |  21551 |   1455 |   3512 |  13636 |  23 | 1000.3 |
       Dungeon |  15260 |  13957 |   1303 |   1239 |  10225 |  15 | 1017.3 |
        Temple |    214 |    130 |     84 |      0 |    112 |   1 |  214.0 |
          Lair |   2103 |   2069 |     34 |     18 |   1587 |   3 |  701.0 |
  Orcish Mines |   4748 |   4715 |     33 |   2254 |   1338 |   2 | 2374.0 |
       Ossuary |    220 |    220 |      0 |      0 |    131 |   1 |  220.0 |
       Volcano |    458 |    458 |      0 |      0 |    243 |   1 |  458.0 |
               +--------+--------+--------+--------+--------+-----+--------+

Top non-repeatable levels by time:
   Orc:2: 2385 daAuts
   Orc:1: 2363 daAuts
    D:10: 1838 daAuts
    D:11: 1294 daAuts
    D:12: 1263 daAuts
     D:2: 1157 daAuts
     D:6: 1032 daAuts
     D:9: 1024 daAuts
     D:1: 1002 daAuts
    D:15: 999 daAuts
    D:13: 989 daAuts
  Lair:2: 931 daAuts
  Lair:1: 878 daAuts
     D:3: 875 daAuts
     D:7: 865 daAuts
